 Dungeon Crawl Stone Soup version 0.28-a0-1485-g077359a4bf (webtiles) character file.

Game seed: 14363127648385070975

653691 wakim the Acrobat (level 27, -2/191 HPs)
             Began as a Djinni Conjurer on Jan 10, 2022.
             Was the Champion of Ashenzari.
             Killed by divine providence
             ... invoked by a smoke demon
              (12 damage)
             ... in Pandemonium on Jan 11, 2022.
             The game lasted 05:09:18 (102437 turns).

wakim the Acrobat (Djinni Conjurer)               Turns: 102437, Time: 05:09:19

Health: -2/191     AC: 39    Str: 12    XL:     27
Gold:   7173       EV: 36    Int: 41    God:    Ashenzari [******] SH: 20 Dex: 15

rFire   + + +      SeeInvis +   P - +6 trident "Eternal Together" {freeze, Will+, Fort, Self} (curse)
rCold   + + +      Faith    .   a - +2 shield of Resistance {rF++ rC++ Will++, Self, Fort} (curse)
rNeg    + . .      Spirit   .   q - +10 scale mail "Thunder Perfect Mind" {rC+ Str+4 Int+2 Dex+3, Fort, Self} (curse)
rPois   ∞          Reflect  .   M - +2 helmet "Chained Secrets" {Int+3, Self, Cun} (curse)
rElec   +          Harm     .   G - +2 cloak "Cursed Stoicism" {rC+ Str+2, Cun, Fort} (curse)
rCorr   .          Rampage  .   c - +2 pair of gloves "Ensconced With Me" {infuse, Self, Evo} (curse)
Will    +++++      Clarity  +   (boots unavailable)
Stlth   +++++.....              e - amulet "Shattered With Me" {Acrobat Int+2 Slay+3, Melee, Self} (curse)
HPRegen 0.41/turn               p - ring "Circumscribed Apathy" {rElec rN+, Self, Melee} (curse)
MPRegen 0.00/turn               g - ring "Share My Scepticism" {AC+4, Melee, Self} (curse)

@: calling dragons, acrobatic, flying
A: sickness immunity, fire resistance 2, cold vulnerability 1, float, innate
caster, hp casting, extra vitality 1
}: 4/15 runes: barnacled, silver, dark, gossamer
a: Renounce Religion, Shatter the Chains


You were in Pandemonium.
You worshipped Ashenzari.
Ashenzari was exalted by your worship.
You visited 9 branches of the dungeon, and saw 48 of its levels.
You visited Pandemonium 1 time, and saw 5 of its levels.
You visited 1 bazaar.
You also visited: Desolation.

You collected 10958 gold pieces.
You spent 3785 gold pieces at shops.

Inventory:

Hand Weapons
 k - the +5 rapier of Cheibriados {holy, rPois rCorr Dex+2}
   (You found it on level 4 of the Realm of Zot)

   It has been blessed by the Shining One to cause great damage to the undead
   and demons.
   Dex:       It affects your dexterity (+2).
   rPois:     It protects you from poison.
   rCorr:     It protects you from acid and corrosion.
 P - the cursed +6 trident "Eternal Together" (weapon) {freeze, Will+, Fort, Self}
   (You found it on level 4 of the Lair of Beasts)

   It freezes those it strikes, dealing additional cold damage.
   It can also slow down cold-blooded creatures.
   Will:      It increases your willpower.
   It has a curse which improves the following skills: Fortitude: Armour and
   Shields.
   Introspection: Fighting and Spellcasting.
Missiles
 i - 10 throwing nets {=f!f}
Armour
 a - the cursed +2 shield of Resistance (worn) {rF++ rC++ Will++, Self, Fort}
   (You found it on level 15 of the Dungeon)

   rF:        It greatly protects you from fire.
   rC:        It greatly protects you from cold.
   Will:      It greatly increases your willpower.
   It has a curse which improves the following skills: Introspection: Fighting
   and Spellcasting.
   Fortitude: Armour and Shields.
 c - the cursed +2 pair of gloves "Ensconced With Me" (worn) {infuse, Self, Evo}
   (You found it in the Desolation of Salt)

   It has a curse which improves the following skills: Introspection: Fighting
   and Spellcasting.
   Evocations: Evocations.
 q - the cursed +10 scale mail "Thunder Perfect Mind" (worn) {rC+ Str+4 Int+2 Dex+3, Fort, Self}
   (You found it on level 6 of the Lair of Beasts)

   Str:       It affects your strength (+4).
   Int:       It affects your intelligence (+2).
   Dex:       It affects your dexterity (+3).
   rC:        It protects you from cold.
   It has a curse which improves the following skills: Fortitude: Armour and
   Shields.
   Introspection: Fighting and Spellcasting.
 v - a +1 tower shield of reflection
 x - a +2 kite shield of protection
 G - the cursed +2 cloak "Cursed Stoicism" (worn) {rC+ Str+2, Cun, Fort}
   (You found it on level 3 of the Vaults)

   Str:       It affects your strength (+2).
   rC:        It protects you from cold.
   It has a curse which improves the following skills: Cunning: Dodging and
   Stealth.
   Fortitude: Armour and Shields.
 M - the cursed +2 helmet "Chained Secrets" (worn) {Int+3, Self, Cun}
   (You found it in the Desolation of Salt)

   It has a curse which improves the following skills: Introspection: Fighting
   and Spellcasting.
   Cunning:   Dodging and Stealth.
Jewellery
 d - a ring of protection from fire
 e - the cursed amulet "Shattered With Me" (around neck) {Acrobat Int+2 Slay+3, Melee, Self}
   (You found it on level 1 of the Realm of Zot)

   [amulet of the acrobat]

   It increases your evasion while moving and waiting.
   Int:       It affects your intelligence (+2).
   Slay:      It affects your accuracy & damage with ranged weapons and melee
   (+3).
   It has a curse which improves the following skills: Melee Combat: Short
   Blades, Long Blades, Axes, Maces & Flails, Polearms, Staves and Unarmed
   Combat.
   Introspection: Fighting and Spellcasting.
 g - the cursed ring "Share My Scepticism" (right hand) {AC+4, Melee, Self}
   (You found it on level 1 of the Depths)

   [ring of protection]

   AC:        It affects your AC (+4).
   It has a curse which improves the following skills: Melee Combat: Short
   Blades, Long Blades, Axes, Maces & Flails, Polearms, Staves and Unarmed
   Combat.
   Introspection: Fighting and Spellcasting.
 j - the ring "Siute" {rF+ rCorr Str+2 SInv}
   (You found it in Pandemonium)

   [ring of protection from fire]

   Str:       It affects your strength (+2).
   rF:        It protects you from fire.
   SInv:      It lets you see invisible.
   rCorr:     It protects you from acid and corrosion.
 n - a +4 ring of evasion
 p - the cursed ring "Circumscribed Apathy" (left hand) {rElec rN+, Self, Melee}
   (You acquired it on level 2 of the Lair of Beasts)

   [ring of positive energy]

   rElec:     It insulates you from electricity.
   rN:        It protects you from negative energy.
   It has a curse which improves the following skills: Introspection: Fighting
   and Spellcasting.
   Melee Combat: Short Blades, Long Blades, Axes, Maces & Flails, Polearms,
   Staves and Unarmed Combat.
 r - a +6 ring of intelligence
 u - the ring "Wotzoyn" {rCorr Int+6 Dex+4}
   (You found it in Pandemonium)

   [ring of intelligence]

   Int:       It affects your intelligence (+6).
   Dex:       It affects your dexterity (+4).
   rCorr:     It protects you from acid and corrosion.
 V - the ring "Azuaf" {rC+ Str+2 Dex+3}
   (You acquired it on level 5 of the Vaults)

   [ring of protection from cold]

   Str:       It affects your strength (+2).
   Dex:       It affects your dexterity (+3).
   rC:        It protects you from cold.
Wands
 o - a wand of polymorph (19)
 t - a wand of digging (30)
 y - a wand of paralysis (32)
 Q - a wand of iceblast (55)
Scrolls
 h - 2 scrolls of brand weapon
 s - 10 scrolls of enchant armour
 R - 9 scrolls of magic mapping {!r}
 S - 4 scrolls of summoning
 T - 18 scrolls of teleportation
 U - 5 scrolls of fear
 W - 3 scrolls of holy word
 X - 10 scrolls of fog
 Y - 12 scrolls of blinking {!r}
 Z - 3 scrolls of silence {!r}
Potions
 A - 5 potions of ambrosia
 B - 6 potions of attraction {!q}
 C - 5 potions of berserk rage {!q}
 D - 5 potions of brilliance
 E - 3 potions of cancellation
 F - 28 potions of curing
 H - 6 potions of haste
 I - 3 potions of invisibility
 J - 7 potions of heal wounds
 L - 7 potions of lignification {!q}
 N - 6 potions of might
 O - 5 potions of resistance
Miscellaneous
 l - a condenser vane
 m - a phantom mirror
 w - a phial of floods
 z - a box of beasts
 K - a lightning rod (4/4)


   Skills:
 - Level 20.1(27) Fighting
 - Level 8.9(14.0) Polearms
 + Level 20.5(26.3) Armour
 - Level 24.3(27) Dodging
 + Level 13.9(17.8) Stealth
 - Level 21.8(27) Shields
 + Level 19.6(27) Spellcasting


You couldn't memorise any spells.
You knew the following spells:

 Your Spells              Type           Power      Damage    Failure   Level
a - Magic Dart            Conj           100%       1d8       0%          1
b - Dazzling Flash        Conj/Hex       100%       N/A       0%          3
c - Freeze                Ice            100%       1d11      0%          1
d - Scorch                Fire           100%       2d10      0%          2
e - Portal Projectile     Hex/Tloc       100%       N/A       0%          3
f - Summon Ice Beast      Ice/Summ       100%       N/A       0%          4
g - Agony                 Necr           100%       N/A       0%          5
h - Borgnjor's Vile Clut  Necr/Erth      67%        N/A       0%          5
i - Iron Shot             Conj/Erth      67%        9d12      0%          6
j - Simulacrum            Ice/Necr       67%        N/A       0%          6
k - Discord               Hex            67%        N/A       1%          8
l - Maxwell's Capacitive  Air            67%        ∞         1%          8
m - Dragon's Call         Summ           67%        N/A       1%          9
s - Searing Ray           Conj           100%       2d8       0%          2
x - Iskenderun's Mystic   Conj/Tloc      100%       2d19      0%          4
z - Fulminant Prism       Conj/Hex       67%        3d28      0%          4
L - Borgnjor's Revivific  Necr           67%        N/A       1%          8
Z - Orb of Destruction    Conj           67%        9d18      0%          7
Your spell library was empty.

Dungeon Overview and Level Annotations

Branches:
Dungeon (15/15)            Temple (0/1) D:7            Lair (6/6) D:11
 Shoals (4/4) Lair:2       Spider (4/4) Lair:3        Slime (0/5) Lair:6
    Orc (2/2) D:9             Elf (3/3) Orc:2        Vaults (5/5) D:13
  Crypt (0/3) Vaults:3     Depths (4/4) D:15            Zot (5/5) Depths:4
Desolation (visited)

Altars:
Ashenzari
Cheibriados
Dithmenos
Elyvilon
Gozag
Kikubaaqudgha
Nemelex Xobeh
Okawaru
Vehumet
Xom
Yredelemnul
Zin
The Shining One
Beogh
Jiyva

Shops:
D:9 (   Orc:2 !:[[   Vaults:3 **(   Vaults:4 :   Vaults:5 !!????![:=
Depths:1 *   Depths:4 *

Portals:
Hell: Depths:1 Depths:2 Depths:3 Depths:4
Abyss: Depths:1 Depths:3
Pandemonium: Depths:2 Depths:3
Ziggurat: Depths:1

Annotations:
Lair:6 1 runed translucent door
Spider:2 Mlioglotl
Pan Lom Lobon


Innate Abilities, Weirdness & Mutations

You are immune to sickness and miasma.
You are immune to poison.
Your flesh is very heat resistant. (rF++)
You are vulnerable to cold. (rC-)
You float through the air rather than walking.
You learn spells naturally, not from books.
Your magical power is your life essence.
You have superior vitality. (+4 MHP)


Message History

Your golden dragon disappears in a puff of smoke!
You hear a shout!
Your quicksilver dragon disappears in a puff of smoke!
The smoke demon completely misses you. x2; You block the smoke demon's attack.
You block the smoke demon's attack. x3
The smoke demon hits your ice dragon but does no damage. x2
The smoke demon barely misses your ice dragon.
You block the smoke demon's attack. The smoke demon completely misses you.
You block the smoke demon's attack.
The smoke demon hits your ice dragon but does no damage. x3
You puncture the smoke demon! You freeze the smoke demon.
* * * LOW HITPOINT WARNING * * *
The smoke demon is severely wounded.
Casting: Iron Shot (safe; 0% risk of failure)
Confirm with . or Enter, or press ? or * to list all spells.
Aiming: Iron Shot (safe; 0% risk of failure)
Press: ? - help, Shift-Dir - straight line, f - smoke demon
Aim: a smoke demon (severely wounded, 84% to hit)
The iron shot hits the smoke demon!!!
You kill the smoke demon!
* * * LOW HITPOINT WARNING * * *
The smoke demon hits your ice dragon!
The smoke demon barely misses your ice dragon.
The smoke demon hits your ice dragon but does no damage.
You swap places.
A dragon arrives to answer your call!
* * * LOW HITPOINT WARNING * * *
The smoke demon gestures at you. Something smites you!
* * * LOW HITPOINT WARNING * * *
Your shadow dragon bites the smoke demon but does no damage.
Your shadow dragon claws the smoke demon! x2
You swap places.
The smoke demon hits your shadow dragon.
The smoke demon hits your shadow dragon but does no damage. x2
A hellwing comes into view.
You swap places.
A dragon arrives to answer your call!
* * * LOW HITPOINT WARNING * * *
The smoke demon gestures at you. Something smites you!
You die...

#############
#####@########
####D#D########
*.##.###3########
,,.#.#####3########
*..#######.######## *
**
#4#########.#######
,*, ..D
{....####.###### ,
*,*
#.#,,.....#####.D.###
, ,, ,..,
,......####...### *


You could see a hellwing (ally target), 2 smoke demons, a friendly shadow dragon
(summoned), a friendly storm dragon (summoned) and a friendly ice dragon
(summoned).

Vanquished Creatures
  A pandemonium lord (Pan)
  Gloorx Vloq (Pan)
  2 orbs of fire (Zot:5)
  A dread lich (Zot:5)
  Mara (Spider:3)
  Sojobo (Depths:3)
  5 Killer Klowns
  Bai Suzhen (Spider:3)
  Saint Roka (Vaults:5)
  Margery (Depths:3)
  6 golden dragons
  Nikola (Spider:2)
  A pearl dragon (Depths:1)
  A bone dragon (Depths:4)
  A Tzitzimitl (Pan)
  A Brimstone Fiend (Pan)
  2 electric golems (Zot:5)
  10 tentacled monstrosities
  8 Orb Guardians (Zot:5)
  Jorgrun (D:14)
  A Hell Sentinel (Pan)
  A walking crystal tome (Depths:3)
  2 Ice Fiends (Pan)
  Rupert (Lair:4)
  2 liches
  A walking earthen tome (Depths:4)
  Polyphemus (Shoals:3)
  A walking frostbound tome (Depths:3)
  2 quicksilver dragons (Vaults:5)
  3 titans
  8 Executioners (Pan)
  A kraken (Shoals:2)
  A death cob (Zot:2)
  An acid blob (shapeshifter) (Depths:2)
  7 sphinxes
  6 tengu reavers
  Roxanne (Spider:4)
  7 storm dragons
  A draconian monk (Depths:4)
  8 shadow dragons
  6 fire giants
  A demonspawn warmonger (Pan)
  2 deep elf sorcerers
  Donald (Shoals:2)
  4 iron dragons
  Ilsuiw (Shoals:2)
  5 ghost moths
  7 frost giants
  2 emperor scorpions
  The ghost of Qogig the Brawler, a journeyman TrCA of Jiyva (D:15)
  Louise (D:14)
  An imperial myrmidon (Desolation)
  10 vault wardens
  A cacodemon (Pan)
  A curse skull (Pan)
  A quicksilver ooze (shapeshifter) (Depths:2)
  3 spriggan defenders
  10 very ugly things
  2 draconian shifters (Zot:2)
  A demonspawn blood saint (Pan)
  9 ironbound preservers
  5 stone giants
  2 broodmothers
  4 ironbound thunderhulks
  An ophan (Depths:1)
  8 green draconians
  2 vampire knights
  9 war gargoyles
  An apis (Depths:1)
  Nessos (D:14)
  A deep elf annihilator (Vaults:5)
  3 deep elf demonologists
  8 entropy weavers
  2 red draconians
  Azrael (Spider:3)
  A yellow draconian (Zot:5)
  4 white draconians
  A dire elephant (D:15)
  3 minotaurs
  3 black draconians
  15 spark wasps
  2 purple draconians (Depths:4)
  3 blizzard demons
  6 ettins
  3 deep elf death magi
  4 crystal guardians
  7 ragged hierophants (Desolation)
  Josephine (Lair:4)
  9 merfolk impalers
  4 green deaths (Pan)
  9 fire dragons
  7 great orbs of eyes
  13 servants of whispers (Desolation)
  8 yaktaur captains
  12 ice dragons
  A jorogumo (Spider:1)
  2 rakshasas
  10 boulder beetles
  Fannar (D:10)
  6 hydras
  Erolcha (D:9)
  6 vault guards
  A catoblepas (Shoals:2)
  12 peacekeepers
  7 merfolk aquamancers
  5 merfolk avatars
  3 spriggan air magi
  12 two-headed ogres
  Erica (D:10)
  8 ironbound frosthearts
  10 centaur warriors
  13 satyrs
  An anaconda (shapeshifter) (Depths:2)
  7 ogre magi
  15 death yaks
  3 deep troll shamans
  A tengu warrior (Depths:2)
  46 dancing weapons
  A deep troll earth mage (Depths:1)
  Urug (D:10)
  12 soul eaters (Pan)
  3 spriggan berserkers
  Nergalle (Lair:3)
  5 hell knights (Depths:3)
  3 spriggans (Depths:4)
  7 large abominations (Pan)
  5 pharaoh ants
  3 sun demons (Pan)
  A sun moth (Spider:2)
  A shadow wraith (Pan)
  12 deep elf knights
  3 steelbarb worms
  2 goliath frogs (shapeshifter)
  2 iron trolls (Depths:2)
  10 skeletal warriors
  23 deep trolls
  A fire crab (shapeshifter) (Depths:2)
  An iron troll (shapeshifter) (Depths:2)
  12 sea snakes
  2 shadow demons (Pan)
  A swamp dragon (Lair:4)
  9 orb spiders
  6 glowing orange brains
  4 deep elf archers
  11 lindwurms
  3 wizards
  5 obsidian statues
  8 harpies
  5 phantasmal warriors
  2 orc knights
  A necromancer (Vaults:1)
  14 ironbound convokers
  9 deep elf zephyrmancers
  22 wolf spiders
  20 deep elf pyromancers
  33 ugly things
  8 orc sorcerers (Orc:2)
  9 fauns
  25 manticores
  4 cyclopes
  10 elephants
  13 vault sentinels
  10 moths of wrath
  2 moths of wrath (shapeshifter) (Depths:2)
  4 molten gargoyles
  Joseph (D:7)
  A guardian serpent (Desolation)
  A torpor snail (shapeshifter) (Depths:2)
  10 merfolk sirens
  5 black mambas
  7 torpor snails
  10 smoke demons (Pan)
  2 gargoyles (D:12)
  7 water nymphs
  16 cane toads
  An orange demon (Pan)
  2 unseen horrors
  8 rime drakes
  14 demonic crawlers
  3 freezing wraiths
  2 kobold demonologists
  A tengu conjurer (Depths:2)
  An anaconda simulacrum (Spider:2)
  2 efreet
  An entropy weaver simulacrum (Spider:2)
  A tormentor (Pan)
  6 komodo dragons
  8 yaktaurs
  A polar bear (Lair:2)
  3 hellwings (Pan)
  5 trolls
  4 harpy zombies (Shoals:2)
  28 merfolk
  12 meliai
  3 tyrant leeches (Lair:6)
  12 wind drakes
  2 merfolk (shapeshifter)
  2 meliai (shapeshifter) (D:15)
  4 raiju (Depths:2)
  56 saltlings (Desolation)
  35 slime creatures
  14 blink frogs
  14 hornets
  27 tarantellas
  9 dream sheep
  A centaur simulacrum (D:15)
  24 jumping spiders
  12 snapping turtles
  22 culicivoras
  A snapping turtle (shapeshifter) (Depths:2)
  8 ynoxinuls (Pan)
  37 water elementals
  A hog (shapeshifter) (Depths:2)
  5 wraiths (Lair:4)
  A dire elephant simulacrum (Spider:2)
  6 vampires
  7 air elementals
  48 yaks
  7 wyverns
  A human (shapeshifter) (D:14)
  5 fire elementals
  A minotaur simulacrum (Spider:2)
  2 steam dragons
  38 redbacks
  8 vampire mosquitoes
  6 chaos spawn (Pan)
  3 wargs
  2 acid dragons
  2 hell hounds (Spider:3)
  A floating eye (shapeshifter) (Depths:2)
  35 water moccasins
  An ice beast (D:6)
  2 sky beasts (D:6)
  16 ogres
  3 black bears
  13 orc warriors
  A hornet zombie (D:7)
  2 alligator simulacra (Spider:2)
  28 centaurs
  A centaur (shapeshifter) (Vaults:5)
  40 wolves
  A kobold brigand (D:8)
  Blork the orc (D:6)
  13 bullfrogs
  2 deep troll simulacra (Spider:2)
  5 earth elementals
  A gnoll sergeant (D:5)
  7 scorpions
  A wyvern skeleton (D:7)
  A water moccasin zombie (D:6)
  14 killer bees
  6 wights
  5 howler monkeys
  2 electric eels
  A lava snake (Lair:6)
  5 centaur zombies
  A hound (D:4)
  9 orc priests
  Crazy Yiuf (D:3)
  A jelly (D:6)
  5 centaur skeletons
  Jessica (D:3)
  An iguana (D:6)
  Natasha (thrice) (D:2)
  7 hell rats (Lair:5)
  Ijyb (D:3)
  30 orc wizards
  A killer bee zombie (D:7)
  A hound zombie (D:5)
  A hound skeleton (D:5)
  A howler monkey zombie (D:8)
  13 gnolls
  18 adders
  A shadow imp (D:6)
  A white imp (D:6)
  An ufetubus (D:7)
  2 adder skeletons (D:4)
  5 worms
  3 dart slugs
  53 orcs
  12 ball pythons
  A bat zombie (Shoals:2)
  9 endoplasms
  5 giant cockroaches
  10 goblins
  5 hobgoblins
  10 jackals
  4 quokkas
  6 bats
  A frilled lizard (D:2)
  21 kobolds
  8 rats
  9 ball lightnings (Depths:2)
  3 fulminant prisms
  3 tentacles (Shoals:2)
1922 creatures vanquished.

Vanquished Creatures (collateral kills)
  2 dread liches
  An ancient lich (Vaults:5)
  A pandemonium lord (Pan)
  4 Killer Klowns (Zot:5)
  4 golden dragons
  3 Brimstone Fiends (Pan)
  An electric golem (Zot:1)
  11 tentacled monstrosities
  An Ice Fiend (Pan)
  17 Orb Guardians (Zot:5)
  A lich (Vaults:5)
  2 deep elf master archers (Elf:3)
  A deep elf blademaster (Elf:3)
  3 titans (Vaults:5)
  2 quicksilver dragons
  2 sphinxes
  11 Executioners (Pan)
  Gastronok (Lair:3)
  A tengu reaver (Vaults:5)
  5 death cobs
  4 draconian monks
  11 storm dragons
  A demonspawn warmonger (Pan)
  4 shadow dragons
  A fire giant (Vaults:1)
  An iron dragon (Zot:3)
  3 frost giants
  9 draconian knights
  4 deep elf sorcerers (Elf:3)
  2 orc warlords
  A balrug (Pan)
  9 vault wardens
  3 ghost moths
  A curse skull (Pan)
  7 draconian scorchers
  A cacodemon (Pan)
  3 demonspawn corrupters (Pan)
  5 draconian stormcallers
  3 deep elf elementalists (Elf:3)
  12 ironbound preservers
  6 draconian shifters
  3 stone giants
  2 reapers (Pan)
  A juggernaut skeleton (Pan)
  12 draconian annihilators
  A war gargoyle (Vaults:5)
  8 very ugly things
  2 demonspawn blood saints (Pan)
  3 ironbound thunderhulks
  12 green draconians
  9 black draconians
  5 deep elf demonologists
  5 purple draconians
  3 lorocyprocas (Pan)
  9 red draconians
  A wendigo (Pan)
  8 yellow draconians
  2 demonspawn black suns (Pan)
  9 white draconians
  9 deep elf annihilators
  5 deep elf death magi
  4 green deaths (Pan)
  2 ettins (Vaults:5)
  5 blizzard demons (Pan)
  A jiangshi (Vaults:3)
  2 crystal guardians
  2 deep elf high priests (Elf:3)
  6 fire dragons
  3 servants of whispers (Desolation)
  4 yaktaur captains
  A great orb of eyes (Vaults:2)
  An ice dragon (Zot:3)
  A peacekeeper (Vaults:3)
  24 vault guards
  An ogre mage (Vaults:5)
  A radroach (shapeshifter) (Vaults:5)
  A boulder beetle (Vaults:1)
  A death knight (Vaults:3)
  A spriggan skeleton (Pan)
  7 centaur warriors
  3 ironbound frosthearts
  A deep troll shaman (Depths:3)
  3 dancing weapons
  4 hell knights (Depths:3)
  3 deep elf knights
  9 sun demons (Pan)
  13 soul eaters (Pan)
  2 sixfirhies (Pan)
  An iron troll (Depths:3)
  5 shadow wraiths (Pan)
  A skeletal warrior (Vaults:3)
  28 deep trolls
  A shadow demon (Pan)
  A flayed ghost (Vaults:5)
  7 deep elf archers
  7 wizards
  2 lindwurms (Vaults:1)
  2 harpies (Vaults:3)
  An anaconda skeleton (Pan)
  6 ironbound convokers
  5 orc knights
  2 necromancers
  An obsidian statue (Zot:5)
  13 deep elf pyromancers
  7 deep elf zephyrmancers
  An orc sorcerer (Vaults:5)
  17 ugly things
  12 moths of wrath
  A rust devil (Pan)
  An eye of devastation (shapeshifter) (Vaults:5)
  8 vault sentinels
  A centaur skeleton (Pan)
  4 orange demons (Pan)
  14 smoke demons (Pan)
  6 demonic crawlers (Pan)
  A naga skeleton (Pan)
  A tormentor (Pan)
  14 yaktaurs
  3 hellwings (Pan)
  A tengu conjurer (Depths:3)
  A red devil (Pan)
  A hydra skeleton (Pan)
  10 slime creatures
  2 saltlings (Desolation)
  2 harpy skeletons (Pan)
  A water elemental (Elf:3)
  6 ynoxinuls (Pan)
  A fire dragon skeleton (Pan)
  2 fire elementals (Elf:3)
  3 chaos spawn (Pan)
  11 large abominations (Pan)
  A warg (Vaults:5)
  An acid dragon (Zot:1)
  2 hell hounds (Pan)
  4 orc warriors (Vaults:5)
  3 boggarts
  2 ogres (Vaults:5)
  An earth elemental (Elf:3)
  An orc priest (Vaults:5)
  3 orc wizards (Vaults:5)
  4 orcs (Vaults:5)
617 creatures vanquished.

Vanquished Creatures (others)
  A tentacled monstrosity (Zot:4)
  A deep elf blademaster (Elf:3)
  A sphinx (Vaults:1)
  A shadow dragon (Zot:1)
  A storm dragon (Zot:1)
  A draconian knight (Zot:2)
  2 vault wardens
  An iron dragon (Vaults:5)
  2 deep elf sorcerers (Elf:3)
  A draconian shifter (Zot:3)
  A deep elf elementalist (Elf:3)
  An ironbound preserver (Vaults:3)
  2 very ugly things
  A deep elf demonologist (Elf:3)
  3 green draconians
  A black draconian (Zot:4)
  A dire elephant (Vaults:1)
  A white draconian (Zot:1)
  A purple draconian (Zot:4)
  A blizzard demon (Pan)
  A green death (Pan)
  2 deep elf high priests (Elf:3)
  3 yaktaur captains
  2 vault guards
  A rakshasa (Pan)
  A servant of whispers (Desolation)
  An ironbound frostheart (Vaults:1)
  A centaur warrior (Vaults:3)
  A deep troll shaman (Depths:3)
  A tengu warrior (Depths:3)
  A hell knight (Depths:3)
  2 deep elf knights
  A sun demon (Pan)
  4 deep trolls
  2 wizards
  2 deep elf archers
  A glowing orange brain (Pan)
  An orc knight (Vaults:5)
  A harpy (Vaults:3)
  A deep elf zephyrmancer (Elf:2)
  4 ugly things
  3 moths of wrath
  A yaktaur (Vaults:4)
  A tengu conjurer (Depths:3)
  A snapping turtle (shapeshifter) (Elf:3)
  A fire elemental (Depths:2)
  3 redbacks (Vaults:3)
  An ogre (Orc:2)
  4 ball lightnings
  189 fulminant prisms
  69 fungi
  116 plants
  5 tentacles (Shoals:2)
  2 withered plants (Desolation)
455 creatures vanquished.

Grand Total: 2994 creatures vanquished

Notes
Turn   | Place    | Note
-------+----------+-------------------------------------------
     0 | D:1      | wakim the Djinni Conjurer began the quest for the Orb.
     0 | D:1      | Reached XP level 1. HP: 15/15 MP: 0/0
   198 | D:1      | Reached XP level 2. HP: 5/22 MP: 0/0
   514 | D:1      | Reached skill level 1 in Fighting
   831 | D:1      | Reached XP level 3. HP: 25/27 MP: 0/0
   831 | D:1      | Learned a level 1 spell: Freeze
  2260 | D:2      | Reached XP level 4. HP: 31/33 MP: 0/0
  2864 | D:2      | Noticed Natasha
  2868 | D:2      | Killed Natasha
  2869 | D:2      | Reached skill level 3 in Dodging
  2910 | D:2      | Noticed Natasha
  2913 | D:2      | Killed Natasha
  2914 | D:2      | Reached XP level 5. HP: 36/39 MP: 0/0
  2914 | D:2      | Learned a level 2 spell: Scorch
  2923 | D:2      | Noticed Natasha
  2928 | D:2      | Killed Natasha
  3592 | D:3      | Noticed Jessica
  3602 | D:3      | Killed Jessica
  3603 | D:3      | Reached XP level 6. HP: 26/46 MP: 0/0
  4012 | D:3      | Noticed Ijyb
  4378 | D:3      | Found a glowing silver altar of Zin.
  4474 | D:3      | Paralysed by Ijyb for 5 turns
  4484 | D:3      | Killed Ijyb
  4664 | D:3      | Found a runed translucent door.
  4665 | D:3      | Noticed Crazy Yiuf
  4736 | D:3      | Found a faded altar of an unknown god.
  4866 | D:3      | Killed Crazy Yiuf
  4871 | D:3      | Identified the +11 mace of Cowardice {flame, Str+3}
  5107 | D:4      | Reached XP level 7. HP: 36/52 MP: 0/0
  5107 | D:4      | Learned a level 3 spell: Portal Projectile
  5251 | D:4      | Reached skill level 4 in Dodging
  5343 | D:4      | Found a snail-covered altar of Cheibriados.
  5683 | D:4      | Reached skill level 5 in Spellcasting
  5741 | D:4      | Found an opulent altar of Gozag.
  5857 | D:4      | Found a shimmering altar of Xom.
  5937 | D:4      | Found a glowing golden altar of the Shining One.
  6177 | D:4      | Found an iron altar of Okawaru.
  6204 | D:5      | Entered Level 5 of the Dungeon
  6252 | D:5      | Reached skill level 5 in Fighting
  6252 | D:5      | Reached XP level 8. HP: 30/59 MP: 0/0
  6586 | D:5      | Found a broken altar of Ashenzari.
  6629 | D:5      | Became a worshipper of Ashenzari the Shackled
  7814 | D:6      | Found a shadowy altar of Dithmenos.
  7849 | D:6      | Reached skill level 5 in Dodging
  8229 | D:6      | Noticed Blork the orc
  8241 | D:6      | Killed Blork the orc
  8534 | D:6      | Reached XP level 9. HP: 48/67 MP: 0/0
  8534 | D:6      | Learned a level 4 spell: Summon Ice Beast
  9211 | D:7      | Noticed Joseph
  9459 | D:7      | Noticed a two-headed ogre
  9459 | D:7      | Noticed a two-headed ogre
  9468 | D:7      | Killed a two-headed ogre
  9469 | D:7      | Reached skill level 6 in Dodging
  9472 | D:7      | Killed a two-headed ogre
  9473 | D:7      | Reached XP level 10. HP: 61/76 MP: 0/0
  9486 | D:7      | Reached skill level 7 in Dodging
  9543 | D:7      | Noticed a manticore
  9684 | D:7      | Killed a manticore
  9970 | D:7      | Noticed a cyclops
 10001 | D:7      | Found a staircase to the Ecumenical Temple.
 10185 | D:7      | Found an opulent altar of Gozag.
 10296 | D:7      | Noticed a manticore
 10306 | D:7      | Killed a manticore
 10306 | D:7      | Killed a cyclops
 10760 | D:7      | Killed Joseph
 10761 | D:7      | Reached skill level 8 in Dodging
 10761 | D:7      | Reached XP level 11. HP: 43/86 MP: 0/0
 10761 | D:7      | Learned a level 5 spell: Agony
 11053 | D:7      | Reached * piety under Ashenzari
 11091 | D:7      | Identified the +1 plate armour "Dufeng" {Int+3}
 11231 | D:7      | Identified the Reference Book on the Ensnaring Snowflakes
 11241 | D:7      | Found a basalt altar of Yredelemnul.
 11241 | D:7      | Found a glowing silver altar of Zin.
 11241 | D:7      | Found a basalt altar of Yredelemnul.
 11474 | D:8      | Reached skill level 10 in Fighting
 11880 | D:8      | HP: 3/87 [orc priest/divine providence (12)]
 12318 | D:8      | Reached ** piety under Ashenzari
 12557 | D:8      | Found a sparkling altar of Nemelex Xobeh.
 12731 | D:9      | Found Geuhaonu's Weapon Shop.
 12918 | D:9      | Found a staircase to the Orcish Mines.
 13498 | D:9      | Noticed Erolcha
 13504 | D:9      | Killed Erolcha
 13931 | D:9      | Noticed a two-headed ogre
 13937 | D:9      | Killed a two-headed ogre
 14249 | D:10     | Entered Level 10 of the Dungeon
 14494 | D:10     | Noticed Erica
 14502 | D:10     | Killed Erica
 14503 | D:10     | Reached skill level 9 in Dodging
 14503 | D:10     | Noticed Urug
 14512 | D:10     | Killed Urug
 14535 | D:10     | Reached *** piety under Ashenzari
 14591 | D:10     | Noticed Fannar
 14950 | D:10     | Identified the +1 leather armour "Ibymn" {Regen+}
 14972 | D:10     | Identified the +6 falchion "Liucu" {drain, *Rage Fly rElec
                  | rC+}
 14991 | D:10     | Killed Fannar
 14992 | D:10     | Reached XP level 12. HP: 6/103 MP: 0/0
 15789 | D:10     | Noticed a two-headed ogre
 15800 | D:10     | Killed a two-headed ogre
 16052 | D:11     | Identified the amulet of Suafeosma {Acrobat *Corrode Fly
                  | Dex+2}
 16485 | D:11     | Reached skill level 10 in Spellcasting
 16734 | D:11     | Found a staircase to the Lair.
 16865 | D:11     | Noticed a boulder beetle
 17199 | Lair:1   | Entered Level 1 of the Lair of Beasts
 17395 | Lair:1   | Reached skill level 10 in Dodging
 18075 | Lair:1   | Identified the +8 hunting sling of Nice Optimality {venom,
                  | rPois Int+2 Dex+7}
 18076 | Lair:1   | Identified the Catalogue of Cold
 18401 | Lair:1   | Reached XP level 13. HP: 52/111 MP: 0/0
 18401 | Lair:1   | Learned a level 5 spell: Borgnjor's Vile Clutch
 18629 | Lair:1   | Identified the +3 shortbow of Foolhardiness {flame, rCorr}
 18962 | Lair:2   | Identified a scroll of acquirement
 19103 | Lair:2   | Acquired the ring "Suofafog" {rElec rN+}
 20556 | Lair:2   | Found a staircase to the Shoals.
 20735 | Lair:3   | Reached skill level 11 in Dodging
 21294 | Lair:3   | Reached **** piety under Ashenzari
 21580 | Lair:3   | Found a hole to the Spider Nest.
 21580 | Lair:3   | Noticed a five-headed hydra
 21589 | Lair:3   | Killed a five-headed hydra
 21756 | Lair:3   | Noticed Nergalle
 21760 | Lair:3   | Killed Nergalle
 21942 | Lair:3   | Noticed Gastronok
 21961 | Lair:3   | Killed Gastronok
 21962 | Lair:3   | Reached XP level 14. HP: 103/125 MP: 0/0
 22529 | Lair:4   | Reached ***** piety under Ashenzari
 22692 | Lair:4   | Noticed Josephine
 22697 | Lair:4   | Killed Josephine
 23120 | Lair:4   | Reached skill level 15 in Fighting
 23120 | Lair:4   | Reached skill level 12 in Dodging
 23478 | Lair:4   | Noticed Rupert
 23490 | Lair:4   | Paralysed by Rupert for 4 turns
 23504 | Lair:4   | Killed Rupert
 23505 | Lair:4   | Reached skill level 1 in Armour
 23607 | Lair:4   | Identified the +6 trident of No Interval {freeze, Will+}
 25672 | Lair:6   | Entered Level 6 of the Lair of Beasts
 25802 | Lair:6   | Found a runed translucent door.
 25802 | Lair:6   | Found a viscous altar of Jiyva.
 25802 | Lair:6   | Found a staircase to the Slime Pits.
 25802 | Lair:6   | Noticed an azure jelly
 25816 | Lair:6   | Reached XP level 15. HP: 113/133 MP: 0/0
 25816 | Lair:6   | Learned a level 6 spell: Iron Shot
 26805 | Lair:6   | Identified the +10 scale mail "Kosohil" {rC+ Str+4 Int+2
                  | Dex+3}
 27281 | Lair:6   | Found a runed translucent door.
 27339 | Lair:6   | Reached skill level 13 in Dodging
 29156 | D:12     | Reached skill level 5 in Armour
 30193 | D:12     | Reached XP level 16. HP: 102/139 MP: 0/0
 30852 | D:13     | Found a gate to the Vaults.
 32689 | D:14     | Noticed Nessos
 32706 | D:14     | Killed Nessos
 32768 | D:14     | Noticed Jorgrun
 32971 | D:14     | Killed Jorgrun
 33298 | D:14     | Noticed Louise
 33307 | D:14     | Killed Louise
 34591 | D:15     | Entered Level 15 of the Dungeon
 34751 | D:15     | Reached skill level 14 in Dodging
 35244 | D:15     | Reached XP level 17. HP: 121/155 MP: 0/0
 35244 | D:15     | Learned a level 6 spell: Simulacrum
 35559 | D:15     | Found a runed translucent door.
 35563 | D:15     | Found the +2 shield of Resistance {rF++ rC++ Will++}
 35567 | D:15     | Found a runed translucent door.
 35846 | D:15     | Found a runed translucent gate.
 35847 | D:15     | Found a runed translucent gate.
 35851 | D:15     | Found a runed translucent gate.
 35866 | D:15     | Noticed Qogig's ghost (journeyman TrCA)
 36349 | D:15     | Found a staircase to the Depths.
 36921 | D:15     | Killed Qogig's ghost
 36922 | D:15     | Reached skill level 1 in Shields
 37370 | Orc:1    | Entered Level 1 of the Orcish Mines
 37539 | Orc:2    | Entered Level 2 of the Orcish Mines
 37698 | Orc:2    | Found Biesse Quda's Book Boutique.
 37820 | Orc:2    | Found Vuypt's Distillery.
 37858 | Orc:2    | Bought a potion of haste for 150 gold pieces
 37858 | Orc:2    | Bought a potion of heal wounds for 75 gold pieces
 37908 | Orc:2    | Found Tiaxzu's Antique Armour Boutique.
 38222 | Orc:2    | Found Ricwei's Antique Armour Shop.
 38230 | Orc:2    | Bought a masterwork helmet for 304 gold pieces
 38230 | Orc:2    | Identified the +0 helmet "Jyaceal" {Rampage Fly} (You
                  | bought it in a shop on level 2 of the Orcish Mines)
 38403 | Orc:2    | Found a staircase to the Elven Halls.
 39119 | Spider:1 | Entered Level 1 of the Spider Nest
 40235 | Lair:3   | Upgraded the game from 0.28-a0-1447-ga5a8893891 to
                  | 0.28-a0-1485-g077359a4bf
 40246 | Spider:1 | Reached skill level 15 in Spellcasting
 40811 | Spider:2 | Noticed Nikola
 40959 | Spider:2 | Killed Nikola
 41045 | Spider:2 | Reached XP level 18. HP: 67/166 MP: 0/0
 41412 | Spider:2 | Found a frozen archway.
 41432 | Spider:2 | Reached skill level 5 in Shields
 41753 | Spider:2 | Noticed Mlioglotl
 42554 | Spider:3 | Noticed Bai Suzhen
 42554 | Spider:3 | Found the +10 Black Knight's barding {ponderous, rPois rN+}
 42558 | Spider:3 | Killed Bai Suzhen
 42612 | Spider:3 | Noticed Mara
 42622 | Spider:3 | Reached skill level 15 in Dodging
 42626 | Spider:3 | Killed Mara
 43286 | Spider:3 | Noticed Azrael
 43297 | Spider:3 | Killed Azrael
 43924 | Spider:4 | Entered Level 4 of the Spider Nest
 44847 | Spider:4 | Noticed Roxanne
 44854 | Spider:4 | Killed Roxanne
 45559 | Spider:4 | Reached XP level 19. HP: 63/174 MP: 0/0
 45559 | Spider:4 | Learned a level 7 spell: Orb of Destruction
 46360 | Spider:4 | Got a gossamer rune of Zot
 46824 | Shoals:1 | Entered Level 1 of the Shoals
 48425 | Shoals:2 | Noticed Ilsuiw
 48438 | Shoals:2 | Killed Ilsuiw
 48792 | Shoals:2 | Noticed Donald
 48798 | Shoals:2 | Killed Donald
 49715 | Shoals:3 | Noticed Polyphemus
 50226 | Shoals:3 | Killed Polyphemus
 51006 | Shoals:3 | Reached skill level 10 in Shields
 51548 | Shoals:4 | Entered Level 4 of the Shoals
 51548 | Shoals:4 | Identified the +2 robe of New Discoveries {rC+++}
 51751 | Shoals:4 | Reached XP level 20. HP: 108/181 MP: 0/0
 51973 | Shoals:4 | Identified the +6 falchion "Nitufa" {antimagic, rF+ Stlth+}
 53240 | Shoals:4 | Got a barnacled rune of Zot
 54799 | Depths:1 | Entered Level 1 of the Depths
 54806 | Depths:1 | Found a one-way gate to the infinite horrors of the Abyss.
 55272 | Depths:1 | Noticed a pearl dragon
 55290 | Depths:1 | Killed a pearl dragon
 55730 | Depths:1 | Found a one-way gateway to a ziggurat.
 55926 | Depths:1 | Found Curuosij's General Store.
 55926 | Depths:1 | Found a gateway to Hell.
 55931 | Depths:1 | Bought a potion of curing for 45 gold pieces
 55931 | Depths:1 | Bought a scroll of fog for 30 gold pieces
 55931 | Depths:1 | Bought a scroll of fear for 52 gold pieces
 55931 | Depths:1 | Bought a potion of heal wounds for 75 gold pieces
 55986 | Depths:1 | Found a white marble altar of Elyvilon.
 55986 | Depths:1 | Found a glowing golden altar of the Shining One.
 56005 | Depths:1 | Found a glowing silver altar of Zin.
 57002 | Depths:2 | Paralysed by an air elemental for 1 turns
 57007 | Depths:2 | Paralysed by an air elemental for 1 turns
 57136 | Depths:2 | Reached skill level 16 in Dodging
 57262 | Depths:2 | Reached XP level 21. HP: 171/187 MP: 0/0
 57262 | Depths:2 | Learned a level 8 spell: Discord
 57358 | Depths:2 | Noticed a golden dragon
 58192 | Depths:2 | Found a one-way gate leading to the halls of Pandemonium.
 58196 | Depths:2 | Reached ****** piety under Ashenzari
 58912 | Depths:2 | Reached skill level 17 in Dodging
 59035 | Depths:2 | Identified the +11 hand axe "Qiefrucu" {protect, Dex+2}
 59438 | Depths:2 | Noticed a golden dragon
 59438 | Depths:2 | a titan changed into a golden dragon
 59452 | Depths:2 | Noticed a caustic shrike
 59452 | Depths:2 | an acid blob changed into a caustic shrike
 59454 | Depths:2 | a caustic shrike changed into an acid blob
 59920 | Depths:3 | Reached skill level 18 in Dodging
 61040 | Depths:3 | Reached skill level 10 in Armour
 61070 | Depths:3 | Noticed a golden dragon
 61267 | Depths:3 | Noticed Margery
 61278 | Depths:3 | Reached XP level 22. HP: 171/194 MP: 0/0
 61439 | Depths:3 | Killed a golden dragon
 61668 | Depths:3 | Reached skill level 15 in Shields
 61977 | Depths:3 | Noticed a golden dragon
 62180 | Depths:3 | Killed Margery
 62559 | Depths:3 | Killed a golden dragon
 63044 | Depths:3 | Noticed Sojobo
 63052 | Depths:3 | Killed Sojobo
 63260 | Depths:4 | Entered Level 4 of the Depths
 63657 | Depths:4 | Found a gate to the Realm of Zot.
 63657 | Depths:4 | Noticed a bone dragon
 64062 | Depths:4 | Killed a bone dragon
 64667 | Depths:4 | Found a shimmering altar of Xom.
 64944 | Depths:4 | Found Soabb's Assorted Antiques.
 64952 | Depths:4 | Bought a cyan potion for 23 gold pieces
 64952 | Depths:4 | Bought 2 scrolls of teleportation for 156 gold pieces
 65601 | Vaults:1 | Entered Level 1 of the Vaults
 66058 | Vaults:1 | Reached skill level 19 in Dodging
 66287 | Vaults:1 | Reached XP level 23. HP: 195/201 MP: 0/0
 66287 | Vaults:1 | Learned a level 8 spell: Borgnjor's Revivification
 66844 | Vaults:1 | Reached skill level 1 in Polearms
 71106 | Vaults:3 | Found a crumbling gateway.
 71118 | Desolati | Entered the Desolation of Salt
 71161 | Desolati | Reached XP level 24. HP: 173/185 MP: 0/0
 71419 | Desolati | Reached skill level 20 in Dodging
 71886 | Desolati | Identified the +15 plate armour of Foolhardiness {Will+
                  | Stlth+}
 72466 | Desolati | Identified the ring of the Ego {Fire *Corrode Drain +Blink
                  | Slay+4}
 72472 | Desolati | Identified the Papyrus of the Compass and Malediction
 72488 | Desolati | Identified Oguwkove's Reference Book on the Unholy
                  | Snowflakes
 72501 | Desolati | Identified Agritot's Tome of the Flamy Frostbite
 73653 | Desolati | Identified the +4 hunting sling of Yfobbofe {freeze, rElec
                  | rC+ Str-4}
 73869 | Vaults:3 | Reached skill level 5 in Stealth
 74383 | Vaults:3 | Found Juet's Assorted Antiques.
 74383 | Vaults:3 | Found Igopnutt's Weapon Boutique.
 74385 | Vaults:3 | Identified the +2 cloak of the Foremost Heavens {rC+ Str+2}
 74389 | Vaults:3 | Bought a scroll of teleportation for 78 gold pieces
 74389 | Vaults:3 | Bought a scroll of summoning for 247 gold pieces
 74418 | Vaults:3 | Found Cashuroe's Assorted Antiques.
 74617 | Vaults:3 | Found a staircase to the Crypt.
 76259 | Vaults:3 | Acquired 1077 gold pieces
 77122 | Vaults:4 | Found Kiwogo's Book Boutique.
 77180 | Vaults:4 | Reached XP level 25. HP: 184/192 MP: 0/0
 77180 | Vaults:4 | Learned a level 8 spell: Maxwell's Capacitive Coupling
 78086 | Vaults:5 | Entered Level 5 of the Vaults
 78090 | Vaults:5 | Reached skill level 21 in Dodging
 78892 | Vaults:5 | Noticed Saint Roka
 79006 | Vaults:5 | Killed Saint Roka
 79915 | Vaults:5 | Found Woloec's Book Shop.
 80351 | Vaults:5 | Got a silver rune of Zot
 80412 | Vaults:5 | Reached skill level 15 in Armour
 80950 | Vaults:5 | Found Ekuisom's Magic Scroll Boutique.
 80978 | Vaults:5 | Reached XP level 26. HP: 169/199 MP: 0/0
 81051 | Vaults:5 | Found Sybloq's Distillery.
 81058 | Vaults:5 | Bought a scroll of teleportation for 63 gold pieces
 81058 | Vaults:5 | Bought a scroll of enchant armour for 157 gold pieces
 81064 | Vaults:5 | Found Korrojytops's Distillery.
 81065 | Vaults:5 | Bought 2 potions of curing for 114 gold pieces
 81065 | Vaults:5 | Bought a potion of lignification for 57 gold pieces
 81065 | Vaults:5 | Bought a potion of curing for 57 gold pieces
 81065 | Vaults:5 | Bought a potion of invisibility for 152 gold pieces
 81065 | Vaults:5 | Bought a potion of cancellation for 152 gold pieces
 81072 | Vaults:5 | Bought a potion of heal wounds for 65 gold pieces
 81072 | Vaults:5 | Bought a potion of haste for 130 gold pieces
 81076 | Vaults:5 | Found Qoxzied's Magic Scroll Emporium.
 81076 | Vaults:5 | Found Giotucuk's Magic Scroll Boutique.
 81239 | Vaults:5 | Found Puiluam's Magic Scroll Boutique.
 81246 | Vaults:5 | Bought a scroll of acquirement for 1144 gold pieces
 81246 | Vaults:5 | Acquired the ring "Azuaf" {rC+ Str+2 Dex+3}
 81272 | Vaults:5 | Bought a scroll of magic mapping for 70 gold pieces
 81272 | Vaults:5 | Bought a scroll of teleportation for 60 gold pieces
 81277 | Vaults:5 | Found Madgh's Distillery.
 81284 | Vaults:5 | Bought a potion of heal wounds for 70 gold pieces
 81284 | Vaults:5 | Bought a potion of heal wounds for 70 gold pieces
 81305 | Vaults:5 | Found the +6 arbalest "Damnation" {damnation}
 81320 | Vaults:5 | Found Teveozic's Antique Armour Shop.
 81321 | Vaults:5 | Noticed a dread lich
 81328 | Vaults:5 | Killed a dread lich
 81460 | Vaults:5 | Found Tutyesen's Jewellery Boutique.
 81487 | Vaults:5 | Noticed an ancient lich
 81493 | Vaults:5 | Killed an ancient lich
 82381 | Elf:1    | Entered Level 1 of the Elven Halls
 82381 | Elf:1    | Identified the +0 helmet of Erghasint {Harm}
 82463 | Elf:1    | Found a flickering gateway to a bazaar.
 82471 | Bazaar   | Entered a bazaar
 82532 | Bazaar   | Found Nebraingidgh's Book Shop.
 82542 | Bazaar   | Found Juereoth's General Store.
 82553 | Bazaar   | Found Raseh's Antique Weapon Emporium.
 82564 | Bazaar   | Found Haitenem's Antique Armour Boutique.
 82573 | Bazaar   | Found Ucunlir's Distillery.
 82581 | Bazaar   | Bought a potion of cancellation for 72 gold pieces
 82581 | Bazaar   | Bought a potion of haste for 90 gold pieces
 82581 | Bazaar   | Bought a potion of curing for 27 gold pieces
 83324 | Elf:1    | Paralysed by an air elemental for 1 turns
 84178 | Elf:2    | Reached skill level 22 in Dodging
 84391 | Elf:2    | Found a runed translucent gate.
 84391 | Elf:2    | Found a runed translucent gate.
 84391 | Elf:2    | Found a runed translucent gate.
 85262 | Elf:3    | Entered Level 3 of the Elven Halls
 86203 | Elf:3    | Paralysed by an air elemental for 1 turns
 86204 | Elf:3    | Reached XP level 27. HP: 199/205 MP: 0/0
 86204 | Elf:3    | Learned a level 9 spell: Dragon's Call
 86725 | Elf:3    | Identified the Papyrus of Evil and Companions
 86761 | Elf:3    | Found the +7 mace of Variability {chain chaos}
 86761 | Elf:3    | Found the -2 hat of the Alchemist {rElec rPois rF+ rC+ rN+
                  | Will+ rMut rCorr}
 86762 | Elf:3    | Identified the +3 rapier of Geqeirr {vorpal, Drain Will+
                  | rCorr Str+3}
 86793 | Elf:3    | Identified the +1 scale mail of Shielding {rPois rN++ Str-5
                  | Slay+6}
 87288 | Zot:1    | Entered Level 1 of the Realm of Zot
 87298 | Zot:1    | Reached skill level 5 in Polearms
 88516 | Zot:1    | Identified the +3 robe "Tas Wyt" {Int+6}
 88516 | Zot:1    | Found the +9 sword of Zonguldrok {reap}
 88737 | Zot:1    | Identified the amulet "Orphaevva" {Acrobat Int+2 Slay+3}
 89208 | Zot:2    | Reached skill level 10 in Stealth
 89470 | Zot:2    | Reached skill level 23 in Dodging
 91345 | Zot:4    | Noticed a Killer Klown
 91353 | Zot:4    | Killed a Killer Klown
 91781 | Zot:4    | Identified the +5 rapier of Cheibriados {holy, rPois rCorr
                  | Dex+2}
 91802 | Zot:4    | !bestwep
 93467 | Zot:5    | Entered Level 5 of the Realm of Zot
 94540 | Zot:5    | Noticed a Killer Klown
 94583 | Zot:5    | Noticed a dread lich
 94606 | Zot:5    | Killed a dread lich
 94610 | Zot:5    | Noticed a Killer Klown
 94633 | Zot:5    | Killed a Killer Klown
 94786 | Zot:5    | Noticed a Killer Klown
 94786 | Zot:5    | Noticed an orb of fire
 94802 | Zot:5    | Killed an orb of fire
 94807 | Zot:5    | Killed a Killer Klown
 94811 | Zot:5    | Killed a Killer Klown
 94964 | Zot:5    | Noticed a Killer Klown
 94976 | Zot:5    | Killed a Killer Klown
 95119 | Zot:5    | Noticed a dread lich
 95125 | Zot:5    | Reached skill level 24 in Dodging
 95127 | Zot:5    | Killed a dread lich
 95547 | Zot:5    | Noticed a Killer Klown
 95567 | Zot:5    | Killed a Killer Klown
 95865 | Zot:5    | Noticed a Killer Klown
 95869 | Zot:5    | Noticed an orb of fire
 95870 | Zot:5    | Noticed a Killer Klown
 95874 | Zot:5    | Killed an orb of fire
 95878 | Zot:5    | Killed a Killer Klown
 95881 | Zot:5    | Killed a Killer Klown
 96080 | Zot:5    | Noticed a Killer Klown
 96086 | Zot:5    | Killed a Killer Klown
 96324 | Pan      | Entered Pandemonium
 96459 | Pan      | Noticed Mainlaaw the pandemonium lord
 96468 | Pan      | Killed Mainlaaw the pandemonium lord
 97065 | Pan      | Entered the realm of Gloorx Vloq.
 98079 | Pan      | Noticed Gloorx Vloq
 98569 | Pan      | Killed Gloorx Vloq
 98584 | Pan      | Got a dark rune of Zot
 98726 | Pan      | Found a transporter.
 98963 | Pan      | Found a transporter.
 98967 | Pan      | Identified the ring "Siute" {rF+ rCorr Str+2 SInv}
 98969 | Pan      | Identified the Papyrus of Dark Magic and Intoxication
 98969 | Pan      | Identified the ring "Wotzoyn" {rCorr Int+6 Dex+4}
 99364 | Pan      | Identified the +8 chain mail of the Morning Star {rF- Int+2
                  | Dex+4}
101114 | Pan      | HP: 2/191 [Brimstone Fiend/damnation (35)]
101521 | Pan      | Found an exit through the horrors of the Abyss.
101592 | Pan      | Noticed Iloc Xeu the pandemonium lord
101605 | Pan      | Killed Iloc Xeu the pandemonium lord
102324 | Pan      | Entered the realm of Lom Lobon.
102324 | Pan      | Noticed Lom Lobon
102437 | Pan      | Killed from afar by a smoke demon

Illustrated notes

* * *, ,,,, ,{ , ,, *,**
, ,......d#*,, { ,,,
.......##.., ,, ∆,
*#......##... ..#* *
,,,..##......##..##..#*.
*, ,..##......##..##..##.
*, ,
..##......##..##..#.. * ,
..##......#...##.....
,,,,..##@.........##.....
, ..###.........)...... *
...###..............#
....###..............
**,.....###......##..##.
..#..###......##..##
.##..###......##..# **
.##..###......#... *
.##..###......#..


Turn 91802 on Zot:4: !bestwep

Levels and vault maps discovered:
D:1:      dpeg_arrival_rhombi, layout_basic, minivault_19, minmay_cut_off
D:2:      layout_loops_ring, uniq_natasha
D:3:      layout_loops_ring, zin_academy,
          shapermc_ecumenical_altar_mp_highgroup, uniq_jessica, uniq_ijyb,
          uniq_crazy_yiuf_cottage
D:4:      layout_loops_cross, lemuel_coloured_pillars_altar,
          cheibriados_altar_1, okawaru_altar_gauntlet_db,
          mainiacjoe_overflow_catwalk_spiral
D:5:      layout_basic, cheibrodos_ashenzari_chains, patterned_corridor
D:6:      layout_cave_pods, mainiacjoe_overflow_concentric_impassable,
          uniq_blork_the_orc
D:7:      minmay_the_grid_octo_tiled_squarecenter [minmay_the_grid_octo_shrine,
          minmay_the_grid_octo_odd_swirl, minmay_the_grid_octo_empty,
          minmay_the_grid_octo_teeth,
          minmay_the_grid_square_5x5_megaprize_diamond,
          minmay_the_grid_square_5x5_three_small,
          minmay_the_grid_square_5x5_minivault,
          minmay_the_grid_square_5x5_bridge,
          minmay_the_grid_square_5x5_one_wall], layout_rooms,
          minmay_temple_entry_statues, uniq_joseph
D:8:      layout_basic, lemuel_crystal_altar, solitary_fountain,
          kennysheep_generic_room_8
D:9:      layout_irregular_city, orc_david_3, hangedman_decor_clover_reticule,
          uniq_erolcha
D:10:     layout_gridville, uniq_erica, uniq_urug, uniq_fannar
D:11:     layout_roguey, grunt_lair_entry_orc_guard_hut
D:12:     layout_loops_ring, kennysheep_generic_room_3
D:13:     layout_cave_pods, hangedman_vaults_entry_quadrant_bands
D:14:     layout_basic, serial_park_central [serial_park_minivault_5x5_3,
          serial_park_minivault_5x5_3], uniq_nessos, uniq_jorgrun, uniq_louise
D:15:     hangedman_depths_entry_try_elsewhere_first, layout_basic,
          maelrawn_ghost_gauntlet_escape, minmay_guarded_unrand_resistance
Lair:1:   statuecave_lemuel, layout_regular_city
Lair:2:   layout_layer_cave, elwin_shoals_entry_rooms, serial_bayou_shore_a,
          grunt_megastairs_1, lemuel_fruit_tree
Lair:3:   layout_layer_cave, nicolae_spider_entry_non_spiders,
          grunt_forest_large_clearings, infiniplex_staircase_pool_2,
          lemuel_fruit_fields, uniq_gastronok, uniq_nergalle
Lair:4:   layout_long_grid, hibernation_bobbens, uniq_rupert, uniq_josephine
Lair:5:   lemuel_reptile_caves, layout_long_grid, grunt_megastairs_5
Lair:6:   wormcave, layout_gridlike, slime_altar_2
Shoals:1: layout_shoals, nicolae_shoals_lost_giant_baths
Shoals:2: layout_shoals, nicolae_shoals_lost_giant_amphitheater,
          nicolae_shoals_undead_eyrie, uniq_ilsuiw, uniq_donald
Shoals:3: layout_shoals, nicolae_shoals_water_shrine, uniq_polyphemus
Shoals:4: shoals_end_hellmonk_lost_city
Spider:1: layout_spider_delve, hangedman_spider_tarantella_strand
Spider:2: layout_cave_pods, portal_ice_cave_entry_ice_simulacra, uniq_mlioglotl,
          uniq_nikola
Spider:3: layout_spider_delve, uniq_mara, uniq_azrael, uniq_bai_suzhen
Spider:4: spider_rune_water, guppyfry_spider_mini_2, uniq_roxanne
Orc:1:    layout_diamond_mine
Orc:2:    kennysheep_orc_mage_school, layout_caves, nicolae_orc_damp_corner
Elf:1:    minmay_elf_arrival_plus, layout_gridlike, serial_shops,
          bzr_entry_dummy, minmay_elf_crystal_hexagon
Elf:2:    nicolae_elf_blades_splatter_lattice
          [nicolae_blade_entry_hurt_lockers], layout_onion_city, drop_trap,
          small_chamber_with_monster, dk_noncrumbling_4,
          nicolae_elf_stone_circles, minmay_misc_feat_alley, solitary_fountain
Elf:3:    elf_hall, layout_gridlike
Vaults:1: st_smaller_cells, ontoclasm_vaults_ring_small,
          hangedman_vaults_stretched_pinwheel, nicolae_vaults_back_hallway,
          vaults_mumra_minichess, ontoclasm_vaults_bender, vaults_dpeg_spiral,
          dpeg_vaults_monster_row, v_rooms_1, vaults_room_grunt_arrival_ludios,
          nicolae_vaults_diagonal_hallway_8, hangedman_vaults_cutoff,
          vaults_room_hallway, layout_vaults_ring
Vaults:2: hangedman_vaults_impose, nicolae_vaults_network_star,
          grunt_vaults_trifunnel, v_alt_pattern_2, vaults_room_hallway,
          vaults_room_pool, vaults_room_hangedman_quadrants,
          nicolae_vaults_border_crossing, v_pattern_3,
          layout_vaults_chaotic_city
Vaults:3: portal_desolation_entry_twin_temple,
          vaults_standard_mumra_enter_the_diamond, nicolae_vaults_what_the_h,
          minmay_crypt_entry_simple_sparse, vaults_room_hallway, v_misc_33,
          nicolae_vaults_little_squares_3, hangedman_vaults_hard_town_square,
          v_misc_16, vaults_room_pool, v_misc_24, vaults_room_fours,
          ontoclasm_vaults_decontamination, vaults_room_pools,
          hangedman_vaults_restitches, layout_vaults_omnibox
Vaults:4: v_misc_2, nicolae_vaults_display_case, v_misc_29, v_misc_19, v_misc_4,
          nicolae_vaults_ring_of_whatevers, vaults_room_corners,
          vaults_room_stairs_pillars, hangedman_vaults_stretched_pinwheel,
          nicolae_vaults_yaktaur_gun_rack, hangedman_vaults_stretched_pinwheel,
          v_pattern_5, layout_vaults_omnicross, serial_shops,
          nicolae_shop_waterfront
Vaults:5: uniq_saint_roka
Depths:1: layout_cave_pools, enter_ziggurat_b, abyss_entry, serial_shops,
          kennysheep_little_box, hell_entry, chequers_serial_rivers_micro_c,
          minivault_11, hallowed_hall
Depths:2: radiant_caverns_b_rkd, hell_entry, pan_entry
Depths:3: kennysheep_snake, layout_cave_shapes, infiniplex_staircase_pool_1,
          hell_entry, pan_entry, abyss_entry, lightli_minifort, uniq_margery,
          uniq_sojobo
Depths:4: grunt_twist_and_shout, layout_cross, serial_shops,
          nicolae_shop_crystal, xom_teletrap_fun, hell_entry, drop_trap
Zot:1:    layout_onion, basic_altar, st_large_dragon_hoard_3
Zot:2:    layout_gridlike, lemuel_elevator, grunt_megastairs_4
Zot:3:    layout_misc_corridors, st_large_dragon_hoard_1, lemuel_elevator
Zot:4:    layout_onion
Zot:5:    layout_gridlike
Pan:      grunt_pan_zigzag, layout_gridville, nicolae_pan_lom_lobonic_3,
          gloorx_vloq, layout_grid_shapes, nicolae_pan_strange_glyphs
          [nicolae_pan_strange_glyph_rage,
          nicolae_pan_strange_glyph_disappointment,
          nicolae_pan_strange_glyph_spite,
          nicolae_pan_strange_glyph_schadenfreude,
          nicolae_pan_strange_glyph_angst], gammafunk_its_a_trap,
          layout_small_grid, evilmike_mini_pan_corner, layout_gridlike,
          pan_blood_fountain, lom_lobon, layout_basic, pan_blood_fountain_small,
          nicolae_pan_mnolegish_4

Skill      XL: |  1  2  3  4  5  6  7  8  9 10 11 12 13 14 15 16 17 18 19 20 21 22 23 24 25 26 27 |
---------------+----------------------------------------------------------------------------------+-----
Fighting       | 1 2 3 4 5 6 8 9 11 13 14 15 16 17 18 19 20 | 20.1
Dodging        | 3 4 5 6 8 9 10 11 12 13 14 15 16 18 19 20 21 22 24 | 24.3
Spellcasting   | 4 5 6 7 8 9 10 11 12 13 14 15 16 17 18 19 | 19.6
Armour         | 3 5 7 8 9 10 11 12 14 15 16 20 | 20.5
Shields        | 4 7 10 13 14 16 17 18 19 21 | 21.8
Stealth        | 4 5 7 9 13 | 13.9
Polearms       | 1 4 8 |  8.9

Action                   |  1- 3 |  4- 6 |  7- 9 | 10-12 | 13-15 | 16-18 | 19-21 | 22-24 | 25-27 || total
-------------------------+-------+-------+-------+-------+-------+-------+-------+-------+-------++-------
Melee: Unarmed           |     1 |     2 |       |       |       |       |       |       |       ||     3
       Club              |       |     6 |       |       |       |       |       |       |       ||     6
       Mace              |       |     2 |    69 |    64 |    20 |       |       |       |       ||   155
       Punch             |       |       |     3 |     1 |     3 |       |       |       |       ||     7
       Trident           |       |       |       |       |    86 |   122 |    25 |   123 |   596 ||   952
 Cast: Magic Dart        |    64 |     1 |       |       |       |       |       |       |       ||    65
       Searing Ray       |     8 |    53 |    32 |    60 |     9 |       |       |       |       ||   162
       Scorch            |       |       |    17 |    30 |       |       |       |       |     1 ||    48
       Fulminant Prism   |       |       |     4 |    94 |    18 |    24 |    48 |     4 |       ||   192
       Iskenderun's Myst |       |       |       |     1 |   113 |   153 |    50 |    11 |     7 ||   335
       Freeze            |       |       |       |     1 |       |       |       |       |       ||     1
       Borgnjor's Vile C |       |       |       |       |   120 |   157 |    73 |    39 |    11 ||   400
       Summon Ice Beast  |       |       |       |       |     2 |       |       |       |       ||     2
       Iron Shot         |       |       |       |       |    56 |   154 |   200 |   250 |   206 ||   866
       Orb of Destructio |       |       |       |       |       |       |   202 |   141 |   113 ||   456
       Discord           |       |       |       |       |       |       |     7 |    54 |    96 ||   157
       Borgnjor's Revivi |       |       |       |       |       |       |       |     2 |     1 ||     3
       Dragon's Call     |       |       |       |       |       |       |       |       |    59 ||    59
       Maxwell's Capacit |       |       |       |       |       |       |       |       |    51 ||    51
Invok: Curse Item        |       |       |       |     4 |     3 |     3 |     1 |     3 |     1 ||    15
       Shatter the Chain |       |       |       |       |     2 |       |       |     3 |     1 ||     6
Evoke: Wand              |       |       |       |       |       |       |       |       |     3 ||     3
  Use: Scroll            |     4 |     2 |     4 |     2 |     1 |     1 |     3 |     1 |    10 ||    28
       Potion            |       |       |       |       |       |     2 |     4 |       |    10 ||    16
 Stab: Sleeping          |       |       |       |       |     1 |       |       |     1 |    10 ||    12
       Distracted        |       |       |       |       |       |       |       |     1 |     9 ||    10
Armor: Robe              |     3 |     6 |    19 |    48 |    23 |       |       |       |       ||    99
       Scale mail        |       |       |       |       |    18 |   192 |    79 |   111 |   238 ||   638
Dodge: Dodged            |     9 |    22 |    73 |   205 |   235 |   334 |   122 |   277 |   617 ||  1894
Block: Kite shield       |       |       |       |       |       |   166 |   177 |   374 |   766 ||  1483

Table legend: (Time is in decaauts)
 A = Elapsed time spent in this place.
 B = Non-inter-level travel time spent in this place.
 C = Inter-level travel time spent in this place.
 D = Time resting spent in this place.
 E = Time spent auto-exploring this place.
 F = Levels seen in this place.
 G = Mean time per level.
                   A        B        C        D        E       F      G
               +--------+--------+--------+--------+--------+-----+--------+
         Total | 102560 |  98188 |   4372 |  16913 |  65212 |  55 | 1864.7 |
       Dungeon |  27164 |  25735 |   1429 |   3206 |  19388 |  15 | 1810.9 |
          Lair |  12304 |  11723 |    581 |   2090 |   8186 |   6 | 2050.7 |
        Shoals |   7628 |   7429 |    199 |   1565 |   4821 |   4 | 1907.0 |
   Spider Nest |   6606 |   6299 |    307 |   1963 |   3162 |   4 | 1651.5 |
  Orcish Mines |   1779 |   1564 |    215 |     34 |   1208 |   2 |  889.5 |
   Elven Halls |   4476 |   4277 |    199 |    238 |   3155 |   3 | 1492.0 |
        Vaults |  13911 |  13495 |    416 |   2255 |   9158 |   5 | 2782.2 |
        Depths |  11296 |  10715 |    581 |   3315 |   5146 |   4 | 2824.0 |
           Zot |   8517 |   8074 |    443 |    757 |   5931 |   5 | 1703.4 |
   Pandemonium |   5999 |   5999 |      0 |   1348 |   2787 |   5 | 1199.8 |
        Bazaar |    148 |    148 |      0 |      0 |    119 |   1 |  148.0 |
    Desolation |   2727 |   2727 |      0 |    142 |   2150 |   1 | 2727.0 |
               +--------+--------+--------+--------+--------+-----+--------+

Top non-repeatable levels by time:
Depths:2: 4351 daAuts
Depths:3: 3362 daAuts
Vaults:5: 3193 daAuts
Vaults:2: 2903 daAuts
Shoals:4: 2832 daAuts
    D:15: 2823 daAuts
Spider:3: 2795 daAuts
  Lair:3: 2768 daAuts
Desolation: 2727 daAuts
   Zot:5: 2726 daAuts
Vaults:3: 2696 daAuts
Vaults:4: 2648 daAuts
    D:13: 2630 daAuts
Vaults:1: 2469 daAuts
  Lair:6: 2346 daAuts
